 Dungeon Crawl Stone Soup version 0.20-a0-494-gf50ee04 (webtiles) character file.

403 nikopol the Skirmisher (level 6, -10/39 HPs)
             Began as a Gargoyle Berserker on Jan 17, 2017.
             Was a Believer of Trog.
             Mangled by an ogre
             ... wielding a +0 giant club
              (18 damage)
             ... on level 4 of the Dungeon.
             The game lasted 00:10:35 (4588 turns).

nikopol the Skirmisher (Gargoyle Berserker)         Turns: 4588, Time: 00:10:36

Health: -10/39     AC:  8    Str: 21    XL:     6   Next: 86%
Magic:  6/6        EV: 13    Int:  7    God:    Trog [**....]
Gold:   177        SH:  0    Dex: 11    Spells: 5/5 levels left

rFire    . . .     SeeInvis .   a - +0 hand axe
rCold    . . .     Gourm    .   b - +0 animal skin
rNeg     + . .     Faith    .   (no shield)
rPois    ∞         Spirit   .   (no helmet)
rElec    +         Reflect  .   (no cloak)
rCorr    .         Harm     .   (no gloves)
MR       .....     Rnd*Tele +   d - +0 pair of boots
Stlth    +.........             n - amulet of magic regeneration
Regen    0.2/turn               (no ring)
                                j - ring of teleportation (curse)

@: no status effects
A: negative energy resistance 1, electricity resistance, unbreathing,
petrification resistance, rot immunity, AC +4
a: Berserk, Trog's Hand, Burn Spellbooks, Renounce Religion


You were on level 4 of the Dungeon.
You worshipped Trog.
Trog was pleased with you.
You were not hungry.

You visited 1 branch of the dungeon, and saw 4 of its levels.

You collected 177 gold pieces.

Inventory:

Hand Weapons
 a - a +0 hand axe (weapon)
Missiles
 p - 52 arrows (quivered)
Armour
 b - a +0 animal skin (worn)
 d - a +0 pair of boots (worn)
Jewellery
 j - a cursed ring of teleportation (left hand)
 n - an amulet of magic regeneration (around neck)
Scrolls
 e - 3 scrolls of identify {unknown}
 g - 2 scrolls of recharging {unknown}
 h - a scroll of fog {unknown}
 i - 3 scrolls of remove curse {unknown}
 m - a scroll of teleportation {unknown}
 r - a scroll of blinking {unknown}
 t - a scroll of immolation {unknown}
Potions
 f - 2 potions of flight {unknown}
 k - a potion of mutation {unknown}
 l - a potion of invisibility
 o - a potion of degeneration {unknown}
 q - a potion of cancellation {unknown}
Comestibles
 c - 4 bread rations
 s - 2 chunks of flesh


   Skills:
 + Level 4.7 Fighting
 + Level 4.1 Axes
 + Level 4.4 Armour
 + Level 3.1 Dodging


You had 5 spell levels left.
You didn't know any spells.

Dungeon Overview and Level Annotations

Branches:
Dungeon (4/15)
 Temple: D:4-7

Altars:
Cheibriados
Dithmenos
Hepliaklqana
Qazlal
Trog
The Shining One


Innate Abilities, Weirdness & Mutations

You are resistant to torment.
Your stone body is resilient. (AC +4)
You are immune to poison.
You resist negative energy. (rN+)
You are resistant to electric shocks. (rElec)
You can survive without breathing.
You are immune to petrification.
You are immune to rotting.


Message History

The ogre shouts!
You hit the ogre.
The ogre is moderately wounded.
The ogre barely misses you.
You hit the ogre.
The ogre is moderately wounded.
You barely miss the ogre.
The ogre is moderately wounded.
The ogre hits you with a giant club!
You barely miss the ogre.
The ogre is moderately wounded.
The ogre hits you but does no damage.
You hit the ogre.
The ogre is heavily wounded.
The ogre hits you with a giant club!
* * * LOW HITPOINT WARNING * * *
You hit the ogre.
The ogre is severely wounded.
The ogre hits you with a giant club!!
You die...

...............
#..######.##.#..... ...
..........<. ...>.#
###.##....... #....# #
######.. #.##.# #..
#.##.# #.. #.##O# #..
#######.##@####### #..
#.###................#
#..
#...............####...
... ######.#####.##..#
##. #...##.## #.##..#
#....####.##..#
##.#.)..#.##>.#
##..##.#.##..# #
#...........#


You could see an ogre.

Vanquished Creatures
  Purgy (D:3)
  A scorpion (D:4)
  An orc priest (D:3)
  3 worker ants (D:4)
  4 gnolls (D:3)
  2 adders (D:3)
  5 worms
  A dart slug (D:2)
  6 leopard geckos
  4 orcs (D:3)
  6 giant cockroaches
  6 goblins
  9 hobgoblins
  A quokka (D:3)
  2 ball pythons
  8 bats
  3 frilled lizards
  8 kobolds
  A leopard gecko skeleton (D:4)
  A quokka zombie (D:3)
  9 rats
82 creatures vanquished.

Notes
Turn   | Place    | Note
-------+----------+-------------------------------------------
     0 | D:1      | nikopol the Gargoyle Berserker began the quest for the Orb.
     0 | D:1      | Reached XP level 1. HP: 14/14 MP: 1/1
    59 | D:1      | Reached XP level 2. HP: 14/19 MP: 2/2
   865 | D:1      | Reached XP level 3. HP: 23/23 MP: 3/3
  1202 | D:2      | Found a stormy altar of Qazlal.
  1344 | D:2      | Reached ** piety under Trog
  2226 | D:2      | Reached XP level 4. HP: 13/29 MP: 4/4
  2409 | D:2      | Found a bloodstained altar of Trog.
  2409 | D:2      | Found a snail-covered altar of Cheibriados.
  2461 | D:2      | Found a hazy altar of Hepliaklqana.
  2463 | D:2      | Found a faded altar of an unknown god.
  2464 | D:2      | Found a faded altar of an unknown god.
  2969 | D:3      | Noticed Purgy
  3058 | D:3      | Killed Purgy
  3058 | D:3      | Reached XP level 5. HP: 5/33 MP: 5/5
  3453 | D:3      | Reached XP level 6. HP: 18/39 MP: 6/6
  3937 | D:3      | Found a glowing golden altar of the Shining One.
  3938 | D:3      | Found a shadowy altar of Dithmenos.
  4588 | D:4      | Mangled by an ogre

Vault maps used:
D:1:      lemuel_arrival_room, fountainhead
D:2:      nicolae_qazlal_eye_of_the_storm, chequers_temple_overflow_minitemple
D:3:      gammafunk_temple_overflow_pools, first_bread, serial_park_tiny_1,
          uniq_purgy
D:4:      nemelex_xobeh_ov_fountains_minmay, kennysheep_nondescript,
          uniq_eustachio, uniq_pikel

Skill      XL: |  1  2  3  4  5  6 |
---------------+-------------------+-----
Axes           | 3 4 |  4.1
Armour         | 3 4 |  4.4
Dodging        | 2 3 |  3.1
Fighting       | 4 |  4.7

Action                   |  1- 3 |  4- 6 || total
-------------------------+-------+-------++-------
Melee: Hand axe          |   154 |   168 ||   322
Invok: Berserk           |     3 |     4 ||     7
       Burn Spellbooks   |     1 |       ||     1
       Trog's Hand       |       |     2 ||     2
 Stab: Sleeping          |     2 |     1 ||     3
  Eat: Chunk             |     7 |    11 ||    18
Armor: Animal skin       |    58 |    86 ||   144
Dodge: Dodged            |   103 |   135 ||   238
